 Dungeon Crawl Stone Soup version 0.21-a0-504-g2eda330 (webtiles) character file.

86 Gwenloh the Poker (level 4, -6/35 HPs)
             Began as a Merfolk Skald on Nov 25, 2017.
             Mangled by a gnoll
             ... wielding a +0 spear
              (10 damage)
             ... on level 3 of the Dungeon.
             The game lasted 00:17:11 (2060 turns).

Gwenloh the Poker (Merfolk Skald)                   Turns: 2060, Time: 00:17:12

Health: -6/35      AC:  5    Str: 12    XL:     4   Next: 49%
Magic:  0/7        EV: 12    Int: 12    God:
Gold:   79         SH:  0    Dex: 13    Spells: 3/8 levels left

rFire    . . .     SeeInvis .   a - +0 spear
rCold    . . .     Gourm    .   (no shield)
rNeg     . . .     Faith    .   b - +0 leather armour
rPois    .         Spirit   .   (no helmet)
rElec    .         Reflect  .   l - +0 cloak
rCorr    .         Harm     .   (no gloves)
MR       .....                  j - +0 pair of boots
Stlth    +.........             (no amulet)
HPRegen  0.11/turn              t - ring of wizardry
MPRegen  0.10/turn              v - ring of flight

@: no status effects
A: change form in water, swift swim, stealthy swim
a: Evoke Flight


You were on level 3 of the Dungeon.
You were not hungry.

You visited 1 branch of the dungeon, and saw 3 of its levels.

You collected 79 gold pieces.

Inventory:

Hand Weapons
 a - a +0 spear (weapon)
Missiles
 k - 14 poisoned needles
 n - 43 arrows
 p - 91 stones (quivered)
 w - 3 needles of frenzy
 y - 21 sling bullets
Armour
 b - a +0 leather armour (worn)
 j - a +0 pair of boots (worn)
 l - a +0 cloak (worn)
Jewellery
 t - a ring of wizardry (left hand)
 v - a ring of flight (right hand)
Scrolls
 g - 2 scrolls of identify {unknown}
 m - 2 scrolls of remove curse {unknown}
 q - 5 scrolls of enchant armour {unknown}
 r - a scroll of teleportation {unknown}
 x - a scroll of fear {unknown}
 z - a scroll of magic mapping {unknown}
Potions
 e - a potion of brilliance {unknown}
 h - 2 potions of heal wounds {unknown}
 i - 3 potions of magic {unknown}
 o - a potion of might {unknown}
 s - 3 potions of curing {unknown}
Books
 c - a book of Battle

   Spells                             Type                      Level
   a - Infusion                       Charms                       1
   b - Shroud of Golubria             Charms/Translocation         2
   c - Song of Slaying                Charms                       2
   d - Spectral Weapon                Hexes/Charms                 3
   e - Regeneration                   Charms/Necromancy            3
 u - a book of Maledictions

   Spells                             Type                      Level
   a - Corona                         Hexes                        1
   b - Ensorcelled Hibernation        Hexes/Ice                    2
   c - Confuse                        Hexes                        3
   d - Tukima's Dance                 Hexes                        3
   e - Dazzling Spray                 Conjuration/Hexes            3
Comestibles
 d - a bread ration
 f - 2 meat rations
 A - 4 chunks of flesh


   Skills:
 + Level 3.1 Fighting
 + Level 4.1 Polearms
 - Level 0.6 Armour
 - Level 2.6 Dodging
 + Level 2.6 Spellcasting
 + Level 4.0 Charms


You had 3 spell levels left.
You knew the following spells:

 Your Spells              Type           Power        Failure   Level  Hunger
a - Infusion              Chrm           ##..         2%          1    #......
b - Shroud of Golubria    Chrm/Tloc      #.........   9%          2    ###....
c - Song of Slaying       Chrm           ##......     4%          2    ###....


Dungeon Overview and Level Annotations

Branches:
Dungeon (3/15)

Altars:


Message History

The rat moves out of view.
The gnoll misses you.
A bat comes into view.
The bat moves out of view.
Found 11 gold pieces and a scroll labeled FAHUOT FAYTIY.
Okay, then.
You see here 11 gold pieces.
Casting: Shroud of Golubria
Confirm with . or Enter, or press ? or * to list all spells.
Space distorts slightly along a thin shroud covering your body.
The gnoll closely misses you. The gnoll hits you with a spear.
* * * LOW HITPOINT WARNING * * *
You closely miss the gnoll. You hit the gnoll.
The gnoll is lightly wounded.
The gnoll barely misses you.
You hit the gnoll.
The gnoll is moderately wounded.
The gnoll hits you with a spear!
You die...

.................'..#...#
#.....
##...####...##...##.#...#
#g#.## #...#
#...##...##.#)..# #.# ..
#...# #...#######..#'##
#g#### #...#
########.....#.# #.....
#####
#..........#####.####
#......g.........#
#..gg####..#####.# #)..@#
#..# #.# #...$# #..# #.#
# #...?# #..# #.# #
###### #..# #.# #######
#..# ... .)....# #..# ..
#####.# .# #.# .# #.####


You could see a gnoll and a hobgoblin.

Vanquished Creatures
  2 gnolls (D:3)
  An adder (D:2)
  An ooze (D:2)
  A worm (D:2)
  A ball python (D:2)
  3 giant cockroaches (D:1)
  4 goblins
  7 hobgoblins
  4 jackals (D:1)
  7 kobolds
  A quokka (D:2)
  6 bats
  A frilled lizard (D:2)
  5 rats
44 creatures vanquished.

Notes
Turn   | Place    | Note
-------+----------+-------------------------------------------
     0 | D:1      | Gwenloh the Merfolk Skald began the quest for the Orb.
     0 | D:1      | Reached XP level 1. HP: 16/16 MP: 3/3
   347 | D:1      | Reached XP level 2. HP: 11/23 MP: 0/5
   772 | D:1      | Reached XP level 3. HP: 28/28 MP: 3/6
  1114 | D:2      | Learned a level 2 spell: Shroud of Golubria
  1417 | D:2      | Reached XP level 4. HP: 35/35 MP: 1/7
  1839 | D:3      | Learned a level 2 spell: Song of Slaying
  2060 | D:3      | Mangled by a gnoll

Vault maps used:
D:1:      minmay_arrival_loop, minivault_24, hangedman_decor_riveting
D:3:      cheibrodos_sewer_entry_drain

Skill      XL: |  1  2  3  4 |
---------------+-------------+-----
Fighting       | 3 |  3.1
Polearms       | 4 |  4.1
Charms         | 4 |  4.0
Armour         | |  0.6
Dodging        | |  2.6
Spellcasting   | |  2.6

Action                   |  1- 3 |  4- 6 || total
-------------------------+-------+-------++-------
Melee: Spear             |   138 |    34 ||   172
 Cast: Infusion          |    16 |     2 ||    18
       Shroud of Golubri |       |     2 ||     2
 Stab: Sleeping          |     1 |       ||     1
  Eat: Chunk             |     2 |     2 ||     4
Armor: Leather armour    |    41 |     5 ||    46
Dodge: Dodged            |    70 |    23 ||    93

Table legend:
 A = Spawn XP
 B = Non-spawn XP
 C = Spawn XP percentage of total XP
 D = Spawn monster count
 E = Non-spawn monster count
 F = Spawn count percentage of total count
 G = Total turns spent on level
                    A         B        C        D         E        F      G
               +---------+---------+-------+---------+---------+-------+---------
         Total |       0 |     123 |   0.0 |       0 |      44 |   0.0 |  2060
               +---------+---------+-------+---------+---------+-------+---------
           D:1 |       0 |      40 |   0.0 |       0 |      23 |   0.0 |   945
           D:2 |       0 |      42 |   0.0 |       0 |      12 |   0.0 |   886
           D:3 |       0 |      41 |   0.0 |       0 |       9 |   0.0 |   229
               +---------+---------+-------+---------+---------+-------+---------
